 Dungeon Crawl Stone Soup version 0.30.1-1-g62c8e00024 (webtiles) character file.

Game seed: 10184878180433490222

224 monsoonserge the Vexing (level 5, -2/37 HPs)
             Began as a Demonspawn Enchanter on July 15, 2023.
             Slain by an iguana (7 damage)
             ... on level 4 of the Dungeon on July 16, 2023.
             The game lasted 00:09:27 (2790 turns).

monsoonserge the Vexing (Demonspawn Enchanter)      Turns: 2790, Time: 00:09:28

Health: -2/37      AC:  9    Str:  9    XL:     5   Next: 67%
Magic:  8/8        EV: 10    Int: 18    God:
Gold:   132        SH:  8    Dex: 13    Spells: 6/8 levels left

rFire   . . .        a - +1 dagger
rCold   . . .        v - +0 buckler
rNeg    . . .        e - +0 ring mail
rPois   .            (no helmet)
rElec   .            (no cloak)
rCorr   .            (no gloves)
SInv    .            (no boots)
Will    .....        j - amulet of regeneration
Stlth   ++           (no ring)
HPRegen 1.06/turn    (no ring)
MPRegen 0.11/turn

%: no passive effects
@: no status effects
A: claws 1, icemail 1, condensation shield
a: no special abilities


You were on level 4 of the Dungeon.
You visited 1 branch of the dungeon, and saw 4 of its levels.

You collected 132 gold pieces.

Inventory:

Hand Weapons
 a - a +1 dagger (weapon)
Missiles
 r - 6 poisoned darts (quivered)
Armour
 b - a +0 robe
 e - a +0 ring mail (worn)
 l - a +0 leather armour
 v - a +0 buckler (worn)
 w - a +0 plate armour
Jewellery
 j - an amulet of regeneration (around neck)
Wands
 q - a wand of paralysis (6)
Scrolls
 d - 5 scrolls of teleportation {unknown}
 g - a scroll of enchant weapon {unknown}
 i - 5 scrolls of identify {unknown}
 m - a scroll of enchant armour {unknown}
 n - a scroll of silence {unknown}
 o - a scroll of butterflies {unknown}
 p - a scroll of fog {unknown}
 s - a scroll of magic mapping {unknown}
 y - a scroll of immolation {unknown}
Potions
 c - 2 potions of invisibility
 f - a potion of mutation {unknown}
 h - 2 potions of curing {unknown}
 k - a potion of heal wounds {unknown}
 t - a potion of attraction {unknown}
 u - a potion of magic {unknown}
 x - a potion of flight {unknown}


   Skills:
 + Level 1.3 Fighting
 - Level 1.1 Short Blades
 + Level 2.1 Armour
 + Level 2.9 Dodging
 - Level 3.0 Stealth
 + Level 1.0 Shields
 * Level 1.8 Unarmed Combat
 - Level 2.0 Spellcasting
 - Level 3.6 Hexes
 - Level 0.3 Ice Magic


You had 6 spell levels left.
You knew the following spells:

 Your Spells              Type           Power      Damage    Failure   Level
a - Ensorcelled Hibernat  Hex/Ice        16%        N/A       45%         2

Your spell library contained the following spells:

 Spells                   Type           Power      Damage    Failure   Level
 Confusing Touch          Hex            14%        N/A       45%         3
 Tukima's Dance           Hex            14%        N/A       45%         3
 Sandblast                Erth           2%         2d4       58%         1
 Dazzling Flash           Conj/Hex       16%        N/A       73%         3
 Passwall                 Tmut/Erth      0%         N/A       75%         2
 Stone Arrow              Conj/Erth      2%         3d7       92%         3
 Manifold Assault         Tloc           1%         N/A       100%        4
 Fireball                 Conj/Fire      0%         3d3       100%        5
 Iskenderun's Battlesphe  Conj           1%         2d6       100%        5
 Conjure Ball Lightning   Conj/Air       0%         3x3d6     100%        6
 Dispersal                Tloc           0%         N/A       100%        6
 Orb of Destruction       Conj           0%         9d5       100%        7
 Disjunction              Tloc           0%         N/A       100%        8


Dungeon Overview and Level Annotations

Branches:
Dungeon (4/15)
 Temple: D:4-7

Altars:

Shops:
D:4 *


Innate Abilities, Weirdness & Mutations

You have sharp fingernails.
A meltable icy envelope protects you from harm. (AC +4)
A meltable shield of frost defends you. (SH +4)


Message History

You hit the iguana but do no damage. The iguana bites you.
You hit the iguana.
The iguana is lightly wounded.
You block the iguana's attack.
You barely miss the iguana.
The iguana is lightly wounded.
The iguana barely misses you.
You hit the iguana but do no damage.
The iguana is lightly wounded.
The iguana bites you!
You barely miss the iguana.
The iguana is lightly wounded.
The iguana bites you but does no damage.
You barely miss the iguana.
The iguana is lightly wounded.
The iguana bites you!
You hit the iguana.
The iguana is lightly wounded.
You block the iguana's attack.
You hit the iguana but do no damage.
The iguana is lightly wounded.
The iguana bites you!
You hit the iguana but do no damage.
The iguana is lightly wounded.
The iguana bites you!
* * * LOW HITPOINT WARNING * * *
You hit the iguana.
The iguana is moderately wounded.
You block the iguana's attack.
You hit the iguana.
The iguana is heavily wounded.
The iguana bites you!
* * * LOW HITPOINT WARNING * * *
You hit the iguana but do no damage.
The iguana is heavily wounded.
You block the iguana's attack.
You closely miss the iguana.
The iguana is heavily wounded.
The iguana bites you!
You die...

#......#.................
#......#.................
#......#.............†...
#......#'###...##.####...
########..##...##.####...
#...................
#...................
#...................
###@########)####...
#....l..#...##'####...
#.......#........#....
#.......#....∩...#....
#.......#........#....
#.......#........# . ##
###+#####........# #.
#...............# #.
#.....##...###### ..


You could see an iguana.

Vanquished Creatures
  A centaur (D:3)
  5 adders
  A worm (D:2)
  9 orcs
  7 endoplasms
  11 giant cockroaches
  8 goblins
  8 hobgoblins
  6 kobolds
  4 quokkas
  5 ball pythons
  4 bats
  2 frilled lizards (D:1)
  3 rats
74 creatures vanquished.

Notes
Turn   | Place    | Note
-------+----------+-------------------------------------------
     0 | D:1      | monsoonserge the Demonspawn Enchanter began the quest for
                  | the Orb.
     0 | D:1      | Reached XP level 1. HP: 13/13 MP: 3/3
   195 | D:1      | Gained mutation: A meltable shield of frost defends you.
                  | (SH +4) [demonic ancestry]
   195 | D:1      | Reached XP level 2. HP: 16/19 MP: 5/5
   280 | D:1      | Learned a level 2 spell: Ensorcelled Hibernation
   466 | D:1      | Reached skill level 1 in Short Blades
   582 | D:1      | Gained mutation: You have sharp fingernails. [demonic
                  | ancestry]
   582 | D:1      | Reached XP level 3. HP: 16/24 MP: 6/6
   994 | D:2      | Found a faded altar of an unknown god.
  1150 | D:2      | Reached XP level 4. HP: 31/31 MP: 7/7
  1674 | D:3      | Reached skill level 1 in Unarmed Combat
  1790 | D:3      | Noticed a centaur
  1813 | D:3      | Killed a centaur
  1814 | D:3      | Reached skill level 1 in Fighting
  1814 | D:3      | Reached skill level 1 in Armour
  1814 | D:3      | Reached skill level 1 in Shields
  1814 | D:3      | Gained mutation: A meltable icy envelope protects you from
                  | harm. (AC +4) [demonic ancestry]
  1814 | D:3      | Reached XP level 5. HP: 9/37 MP: 8/8
  2666 | D:4      | Found Egiy's Assorted Antiques.
  2790 | D:4      | Slain by an iguana

Illustrated notes

Levels and vault maps discovered:
D:1:      evilmike_arrival_crescent, layout_basic, minmay_worlds_worst_comb
D:2:      layout_loops_cross, basic_altar, shapermc_ecumenical_altar_notcrosses
D:3:      layout_loops_corners, dk_noncrumbling_3
D:4:      layout_gridville, serial_shops, shop, shop

Skill      XL: |  1  2  3  4  5 |
---------------+----------------+-----
Stealth        | 3 |  3.0
Dodging        | 2 |  2.9
Short Blades   | 1 |  1.1
Unarmed Combat | 1 |  1.8
Fighting       | 1 |  1.3
Armour         | 1 2 |  2.1
Shields        | 1 |  1.0
Spellcasting   | |  2.0
Hexes          | |  3.6
Ice Magic      | |  0.3

Action                     |  1- 3 |  4- 6 || total
---------------------------+-------+-------++-------
  Melee: Dagger            |   199 |   179 ||   378
         Punch             |     1 |     3 ||     4
   Cast: Ensorcelled Hiber |     3 |       ||     3
   Stab: Sleeping          |     4 |     6 ||    10
 Armour: Robe              |    38 |       ||    38
         Ring mail         |    23 |    51 ||    74
  Dodge: Dodged            |   119 |    75 ||   194
  Block: Other             |    38 |    26 ||    64
         Buckler           |       |    13 ||    13
